 Dungeon Crawl Stone Soup version 0.22-a0-367-gb72a975 (webtiles) character file.

36 khargal the Skirmisher (level 3, 0/33 HPs)
             Began as a Draconian Fighter on Apr 22, 2018.
             Slain by an orc priest
             ... wielding a +0 mace
              (3 damage)
             ... on level 2 of the Dungeon.
             The game lasted 00:01:27 (867 turns).

khargal the Skirmisher (Draconian Fighter)           Turns: 867, Time: 00:01:28

Health: 0/33       AC:  5    Str: 19    XL:     3   Next: 19%
Magic:  3/3        EV: 10    Int:  8    God:
Gold:   54         SH: 10    Dex: 10    Spells: 2/2 levels left

rFire    . . .     SeeInvis .   a - +0 long sword
rCold    . . .     Gourm    .   b - +1 shield
rNeg     . . .     Faith    .   (armour unavailable)
rPois    .         Spirit   .   (helmet restricted)
rElec    .         Reflect  .   f - scarf {cloud immunity}
rCorr    +         Harm     .   (no gloves)
MR       .....                  (no boots)
Stlth    +.........             (no amulet)
HPRegen  0.11/turn              k - ring of resist corrosion
MPRegen  0.08/turn              (no ring)

@: no status effects
A: unfitting armour, cold-blooded, AC +5
a: no special abilities


You were on level 2 of the Dungeon.
You were not hungry.

You visited 1 branch of the dungeon, and saw 2 of its levels.

You collected 54 gold pieces.

Inventory:

Hand Weapons
 a - a +0 long sword (weapon)
Armour
 b - a +1 shield (worn)
 f - a scarf of cloud immunity (worn)
Jewellery
 k - a ring of resist corrosion (left hand)
Scrolls
 g - 2 scrolls of remove curse {unknown}
Potions
 c - a potion of might
 i - a potion of curing
 j - a potion of lignification
Comestibles
 d - 2 rations
 h - 4 chunks of flesh


   Skills:
 + Level 3.7 Fighting
 + Level 2.4 Long Blades
 + Level 3.0 Dodging
 + Level 3.4 Shields


You had 2 spell levels left.
You didn't know any spells.

Dungeon Overview and Level Annotations

Branches:
Dungeon (2/15)

Altars:


Innate Abilities, Weirdness & Mutations

Your plain brown scales are hard. (AC +5)
You cannot fit into any form of body armour.
You are cold-blooded and may be slowed by cold attacks.


Message History

You are too injured to fight recklessly!
You are too injured to fight recklessly!
You are too injured to fight recklessly!
You are too injured to fight recklessly!
Unknown command.
You hit the orc priest.
Your tail-slap misses the orc priest.
The orc priest is lightly wounded.
The orc priest looks braver for a moment.
You hit the orc priest but do no damage.
The orc priest is lightly wounded.
The orc priest hits you with a mace.
* * * LOW HITPOINT WARNING * * *
You hit the orc priest.
The orc priest is heavily wounded.
The orc priest completely misses you.
You riposte.
You hit the orc priest.
The orc priest is heavily wounded.
You hit the orc priest.
The orc priest is severely wounded.
The orc priest hits you with a mace.
You die...

#...##..#
....#.. ...... #
# # #..#.# # #.#
#..#.### #.#
#..#.##.
#.#.#####.......
##o#
#............
##@#
##.##########
#.## ##.# #
##.## ##.## #
##.###.## #
##.#.## # #..##
# #.######### #
#.......... .
########### #


You could see an orc priest.

Vanquished Creatures
  2 adders (D:2)
  A dart slug (D:1)
  An orc (D:2)
  2 bats (D:2)
  3 hobgoblins (D:1)
  2 kobolds (D:1)
  2 frilled lizards
  4 rats
17 creatures vanquished.

Notes
Turn   | Place    | Note
-------+----------+-------------------------------------------
     0 | D:1      | khargal the Draconian Fighter began the quest for the Orb.
     0 | D:1      | Reached XP level 1. HP: 19/19 MP: 1/1
   419 | D:1      | Reached XP level 2. HP: 26/26 MP: 2/2
   831 | D:2      | Reached XP level 3. HP: 26/33 MP: 3/3
   867 | D:2      | Slain by an orc priest

Vault maps used:
D:1:      dpeg_arrival_chase
D:2:      minmay_diamond_boxcup, nicolae_ru_great_annihilating_truth

Skill      XL: |  1  2 |
---------------+-------+-----
Dodging        | 3 |  3.0
Fighting       | |  3.7
Long Blades    | |  2.4
Shields        | |  3.4

Action                   || total
-------------------------++-------
Melee: Long sword        ||    57
       Tailslap          ||     5
  Use: Scroll            ||     4
Armor: Skin              ||    17
Dodge: Dodged            ||    27
Block: Shield            ||    30
       Rpst.: Long sword ||     8

Table legend:
 A = Spawn XP
 B = Non-spawn XP
 C = Spawn XP percentage of total XP
 D = Spawn monster count
 E = Non-spawn monster count
 F = Spawn count percentage of total count
 G = Total turns spent on level
                    A         B        C        D         E        F      G
               +---------+---------+-------+---------+---------+-------+---------
         Total |       0 |      52 |   0.0 |       0 |      17 |   0.0 |   867
               +---------+---------+-------+---------+---------+-------+---------
           D:1 |       0 |      17 |   0.0 |       0 |      10 |   0.0 |   771
           D:2 |       0 |      35 |   0.0 |       0 |       7 |   0.0 |    96
               +---------+---------+-------+---------+---------+-------+---------
